 Dungeon Crawl Stone Soup version 0.31-a0-152-g6aa68a64a1 (webtiles) character file.

Game seed: 11122858423681160055

51 qw the Shooter (level 3, -2/31 HPs)
             Began as a Minotaur Hunter on June 9, 2023.
             Slain by a gnoll
             ... wielding a +0 whip of venom
              (7 damage)
             ... on level 3 of the Dungeon.
             The game lasted 00:00:28 (1126 turns).

qw the Shooter (Minotaur Hunter)                    Turns: 1126, Time: 00:00:29

Health: -2/31      AC:  9    Str: 15    XL:     3   Next: 58%
Magic:  2/2        EV: 11    Int:  8    God:
Gold:   146        SH:  0    Dex: 15    Spells: 2/2 levels left

rFire   x . .        Y - +0 shortbow
rCold   + . .        (shield currently unavailable)
rNeg    + . .        d - +0 ring mail
rPois   .            (helmet restricted)
rElec   .            (no cloak)
rCorr   .            (no gloves)
SInv    .            (no boots)
Will    .....        (no amulet)
Stlth   +            e - ring of protection from cold
HPRegen 0.25/turn    c - ring "Famanuny" {rF- rN+ AC+4 Int+2}
MPRegen 0.08/turn

%: no passive effects
@: lethally poisoned (-2 -> -12)
A: horns 2, retaliatory headbutt, sense surroundings 1
a: no special abilities


You were on level 3 of the Dungeon.
You visited 1 branch of the dungeon, and saw 3 of its levels.

You collected 146 gold pieces.


Innate Abilities, Weirdness & Mutations

You have a pair of horns on your head.
You reflexively headbutt those who attack you in melee.
You passively map a small area around you.


   Skills:
 - Level 3.0 Fighting
 + Level 5.5 Ranged Weapons
 - Level 1.0 Armour
 - Level 2.1 Dodging
 - Level 0.7 Stealth


You had 2 spell levels left.
You didn't know any spells.
Your spell library was empty.

Inventory:

Hand Weapons
 Y - a +0 shortbow (weapon)
Armour
 d - a +0 ring mail (worn)
Jewellery
 c - the ring "Famanuny" (right hand) {rF- rN+ AC+4 Int+2}
   (You found it on level 2 of the Dungeon)

   [ring of protection]

   AC:        It affects your AC (+4).
   Int:       It affects your intelligence (+2).
   rF:        It makes you vulnerable to fire.
   rN:        It protects you from negative energy.
 e - a ring of protection from cold (left hand)
 f - a +6 ring of strength
Scrolls
 a - 2 scrolls of identify
 i - a scroll of enchant armour {unknown}
Potions
 b - a potion of brilliance {unknown}
 g - a potion of mutation
 h - a potion of ambrosia {unknown}
 j - 2 potions of heal wounds {unknown}

Dungeon Overview and Level Annotations

Branches:
Dungeon (3/15)

Altars:


Message History

You struggle against the net.
A rat comes into view.
A gnoll comes into view. It is wielding a +0 whip.
You struggle against the net.
The gnoll shouts!
A ball python comes into view.
You struggle against the net.
You rip the net and break free!
You shoot an arrow. The arrow closely misses the gnoll.
The gnoll barely misses you.
You shoot an arrow.
The arrow hits the gnoll but does no damage.
The gnoll closely misses you.
You shoot an arrow. The arrow hits the gnoll.
The gnoll is lightly wounded.
The gnoll misses you. The ball python barely misses you.
The ball python grabs you. The ball python constricts you.
The gnoll hits you with a +0 whip of venom.
You are poisoned.
You shoot an arrow. The arrow hits the ball python.
You kill the ball python!
You feel very sick. The rat closely misses you. You furiously retaliate!
You headbutt the rat!
You kill the rat!
The gnoll hits you from afar with a +0 spear.
You shoot an arrow. The arrow hits the gnoll.
The gnoll is heavily wounded.
You feel sick.
The gnoll hits you from afar with a +0 spear.
You shoot an arrow. The arrow hits the gnoll.
The gnoll is almost dead.
You feel sick. The gnoll misses you. The gnoll hits you but does no damage.
You are more poisoned.
The gnoll hits you from afar with a +0 spear.
You shoot an arrow. The arrow hits the gnoll.
You kill the gnoll!
You feel very sick.
The gnoll hits you from afar with a +0 spear.
The gnoll hits you with a +0 whip of venom!
You die...

* , #..............
...............!,
.....>.............>...,
..........[?............
................$........
..(......g...<...........
*
........)g.......$.......
........@...............#
*#.....................##
*,......................#
# #.#..................##
# ###.....%...........# #
##................###
*......................
*..............#....#.#
......##.##(##......#..


You could see 2 gnolls.

Vanquished Creatures
  2 adders (D:3)
  A gnoll (D:3)
  A worm (D:2)
  2 endoplasms (D:1)
  6 goblins
  2 hobgoblins
  3 kobolds
  2 quokkas
  2 ball pythons
  5 bats
  3 frilled lizards
  A rat (D:3)
30 creatures vanquished.

Notes
Turn   | Place    | Note
-------+----------+-------------------------------------------
     0 | D:1      | qw the Minotaur Hunter began the quest for the Orb.
     0 | D:1      | Reached XP level 1. HP: 18/18 MP: 0/0
     0 | D:1      | 0 ||| qw: Version: 0.2-a-122-gbc61b45
     0 | D:1      | 0 ||| qw: Game counter: 3393
     0 | D:1      | 0 ||| qw: Always use a shield: true
     0 | D:1      | 0 ||| qw: God list: Okawaru
     0 | D:1      | 0 ||| qw: Allow faded altars: false
     0 | D:1      | 0 ||| qw: Do Orc after D:15 true
     0 | D:1      | 0 ||| qw: Do second Lair branch before Depths: true
     0 | D:1      | 0 ||| qw: Lair rune preference: random
     0 | D:1      | 0 ||| qw: Plans: Normal
     0 | D:1      | 0 ||| PLANNING D:1-11
   295 | D:1      | Reached XP level 2. HP: 25/25 MP: 1/1
   388 | D:1      | Reached skill level 5 in Ranged Weapons
   496 | D:1      | 496 ||| UPGRADING to +0 ring mail.
   506 | D:1      | 506 ||| DROPPING +0 leather armour.
   507 | D:1      | 507 ||| READING 3 scrolls labelled ELOEDOZXI REMO.
   508 | D:1      | 508 ||| READING scroll labelled UFANIL KEAT.
   509 | D:1      | 509 ||| DRINKING 2 bubbling puce potions.
   549 | D:1      | 549 ||| DRINKING 2 yellow potions.
   549 | D:1      | Gained mutation: You passively map a small area around you.
                  | [potion of mutation]
   550 | D:1      | 550 ||| READING 2 scrolls of identify.
   550 | D:1      | 550 ||| IDENTIFYING emerald potion
   551 | D:1      | 551 ||| DROPPING scroll of butterflies.
   552 | D:1      | 552 ||| DROPPING potion of lignification.
   553 | D:1      | 553 ||| DROPPING potion of attraction.
   594 | D:2      | Reached skill level 1 in Armour
   646 | D:2      | Identified the ring "Famanuny" {rF- rN+ AC+4 Int+2}
   663 | D:2      | Reached skill level 3 in Fighting
   683 | D:2      | Identified the +5 short sword of Meot {vamp, rC+ Dex+4}
   911 | D:2      | 911 ||| UPGRADING to +6 ring of strength.
   912 | D:2      | 912 ||| UPGRADING to ring "Famanuny" {rF- rN+ AC+4 Int+2}.
   913 | D:2      | 913 ||| UPGRADING to ring of protection from cold.
   915 | D:2      | 915 ||| READING scroll labelled XUSHU ANWE.
   918 | D:2      | 918 ||| READING scroll labelled FAURE YNLOO.
   919 | D:2      | 919 ||| READING scroll labelled ZOVIQANEDU.
   992 | D:3      | Reached XP level 3. HP: 31/31 MP: 2/2
  1126 | D:3      | HP: 5/31 [gnoll/+0 spear (4)]
  1126 | D:3      | Slain by a gnoll

Levels and vault maps discovered:
D:1:      wander_arrival_chamber, layout_basic
D:2:      layout_basic, kennysheep_nondescript
D:3:      layout_basic, zin_academy

Skill      XL: |  1  2 |
---------------+-------+-----
Ranged Weapons | 5 |  5.5
Armour         | 1 |  1.0
Fighting       | 3 |  3.0
Dodging        | |  2.1
Stealth        | |  0.7

Action                     || total
---------------------------++-------
   Fire: Shortbow          ||    85
    Use: Scroll            ||     6
         Potion            ||     2
 Armour: Leather armour    ||     7
         Ring mail         ||    12
  Dodge: Dodged            ||    35

Table legend:
 A = Non-vault XP
 B = Vault XP
 C = Vault XP percentage of total XP
 D = Non-vault monster count
 E = Vault monster count
 F = Vault count percentage of total count
                 A         B        C        D         E       F
            +---------+---------+-------+---------+---------+-------
      Total |      88 |       0 |   0.0 |      30 |       0 |   0.0
            +---------+---------+-------+---------+---------+-------
        D:1 |      18 |       0 |   0.0 |      11 |       0 |   0.0
        D:2 |      22 |       0 |   0.0 |      10 |       0 |   0.0
        D:3 |      48 |       0 |   0.0 |       9 |       0 |   0.0
            +---------+---------+-------+---------+---------+-------
